 Dungeon Crawl Stone Soup version 0.27.1-2-g3b301248ec (webtiles) character file.

Game seed: 15910200841835945332

82 speeev33 the Shield-Bearer (level 4, -2/29 HPs)
             Began as a Gargoyle Fighter on Oct 1, 2021.
             Slain by a gnoll (7 damage)
             ... on level 2 of the Dungeon.
             The game lasted 00:02:31 (2112 turns).

speeev33 the Shield-Bearer (Gargoyle Fighter)       Turns: 2112, Time: 00:02:31

Health: -2/29      AC: 13    Str: 20    XL:     4   Next: 43%
Magic:  4/4        EV:  5    Int:  9    God:
Gold:   62         SH: 10    Dex:  9    Spells: 3/3 levels left

rFire    . . .     SeeInvis .   a - +0 flail
rCold    . . .     Faith    .   c - +1 kite shield
rNeg     + . .     Spirit   .   f - +0 chain mail
rPois    ∞         Reflect  .   (no helmet)
rElec    +         Harm     .   (no cloak)
rCorr    .         Rampage  .   (no gloves)
Will     .....                  (no boots)
Stlth    ..........             (no amulet)
HPRegen  0.09/turn              (no ring)
MPRegen  0.09/turn              (no ring)

@: no status effects
A: sickness immunity, AC +3, negative energy resistance 1, electricity
resistance, torment resistance 1, petrification resistance
a: no special abilities


You were on level 2 of the Dungeon.
You visited 1 branch of the dungeon, and saw 2 of its levels.

You collected 62 gold pieces.

Inventory:

Hand Weapons
 a - a +0 flail (weapon)
Missiles
 j - 3 boomerangs of dispersal (quivered)
Armour
 b - a +0 scale mail
 c - a +1 kite shield (worn)
 f - a +0 chain mail (worn)
Scrolls
 k - a scroll of amnesia
Potions
 d - a potion of might
 e - a potion of curing {unknown}
 g - a potion of brilliance
 h - a potion of invisibility {unknown}
 i - a potion of lignification {unknown}


   Skills:
 + Level 3.9 Fighting
 + Level 2.8 Maces & Flails
 + Level 3.9 Armour
 + Level 4.0 Shields


You had 3 spell levels left.
You didn't know any spells.
Your spell library was empty.

Dungeon Overview and Level Annotations

Branches:
Dungeon (2/15)

Altars:


Innate Abilities, Weirdness & Mutations

You are immune to sickness and miasma.
Your stone body is resilient. (AC +3)
You are immune to poison.
You resist negative energy. (rN+)
You are resistant to electric shocks. (rElec)
You are resistant to unholy torment.
You are immune to petrification.


Message History

The gnoll hits you but does no damage. The gnoll barely misses you.
You block the gnoll's attack.
You hit the gnoll.
The gnoll is almost dead.
You block the gnoll's attack. The gnoll hits you but does no damage.
The gnoll completely misses you.
You thump the gnoll!
You kill the gnoll!
You block the gnoll's attack. The gnoll hits you but does no damage.
You hit the gnoll.
The gnoll is lightly wounded.
You block the gnoll's attack. x2
You closely miss the gnoll.
The gnoll is lightly wounded.
You block the gnoll's attack.
The gnoll hits you from afar with a +0 spear.
The gnoll hits you with a +0 club. The gnoll hits you but does no damage.
You hit the gnoll.
The gnoll is moderately wounded.
The gnoll barely misses you. The gnoll hits you but does no damage.
You barely miss the gnoll.
The gnoll is moderately wounded.
The gnoll hits you but does no damage. You block the gnoll's attack.
The gnoll hits you but does no damage.
The gnoll hits you from afar with a +0 spear.
Your shield prevents you from hitting the gnoll.
The gnoll is moderately wounded.
The gnoll hits you with a +0 club.
* * * LOW HITPOINT WARNING * * *
You block the gnoll's attack.
You hit the gnoll.
The gnoll is severely wounded.
You block the gnoll's attack.
The gnoll hits you from afar with a +0 spear.
* * * LOW HITPOINT WARNING * * *
You block the gnoll's attack. The gnoll barely misses you.
You sock the gnoll!
You kill the gnoll!
The gnoll hits you from afar with a +0 spear!
You die...

#... ..# #[##.# ##.#
#.# #.##.#
#.###.##########.##.#
#.....>..........##.#
#####.#############.#
#######.# #######.##
........# ..........
#######.# #######.##
#@# #.# #)# #.# #g.
#.# ..## #.# #.#
##### #.# #.#####...#
#.# #(##......# #.##
#.##.##...#####...
#.###.........#


You could see a gnoll.

Vanquished Creatures
  3 gnolls (D:2)
  2 adders (D:2)
  A bat (D:1)
  4 endoplasms
  A giant cockroach (D:1)
  6 goblins
  9 hobgoblins
  2 jackals (D:1)
  5 quokkas
  2 ball pythons
  3 frilled lizards
  3 rats (D:1)
41 creatures vanquished.

Notes
Turn   | Place    | Note
-------+----------+-------------------------------------------
     0 | D:1      | speeev33 the Gargoyle Fighter began the quest for the Orb.
     0 | D:1      | Reached XP level 1. HP: 14/14 MP: 1/1
   111 | D:1      | Reached XP level 2. HP: 19/19 MP: 2/2
   591 | D:1      | Found a faded altar of an unknown god.
   649 | D:1      | Reached XP level 3. HP: 13/23 MP: 3/3
  1837 | D:2      | Reached XP level 4. HP: 29/29 MP: 4/4
  2099 | D:2      | Reached skill level 4 in Shields
  2112 | D:2      | Slain by a gnoll

Illustrated notes

Levels and vault maps discovered:
D:1:      mrwooster_arrival_statue_3, layout_basic,
          hellmonk_ecumenical_altar_zigzags, minmay_indecisive_spiral
D:2:      layout_loops_ring, solitary_fountain

Skill      XL: |  1  2  3  4 |
---------------+-------------+-----
Shields        | 4 |  4.0
Fighting       | |  3.9
Maces & Flails | |  2.8
Armour         | |  3.9

Action                   |  1- 3 |  4- 6 || total
-------------------------+-------+-------++-------
Melee: Flail             |   161 |    35 ||   196
  Use: Scroll            |     4 |     1 ||     5
Armor: Scale mail        |    29 |       ||    29
       Chain mail        |    89 |    19 ||   108
Dodge: Dodged            |    44 |    15 ||    59
Block: Kite shield       |   108 |    30 ||   138
